Montreal Canadiens vs New York Rangers
(R1)
Created - Thursday, December 12, 2024 at 09:39
Goals
|
| Montreal Canadiens |
0 |
1 |
1 |
2 |
| New York Rangers |
0 |
0 |
1 |
1 |
|
Shots
|
| Montreal Canadiens |
4 |
8 |
7 |
19 |
| New York Rangers |
10 |
7 |
6 |
23 |
|
1st period
No Goal
Penalties :
Matthew Benning (NYR) for Tripping (Minor) at 8:22, Dmitry Kulikov (NYR) for Hooking (Minor) at 16:40
2nd period
1. Montreal Canadiens , Brady Skjei 8 (Patrik Laine 18, Martin Necas 32) at 10:46 (PP)
Penalties :
Adam Larsson (NYR) for Holding Stick (Minor) at 0:53, Adam Larsson (NYR) for Cross-checking (Minor) at 8:53, Damon Severson (MTL) for Roughing (Minor) at 13:10
3rd period
2. Montreal Canadiens , Brady Skjei 9 (Martin Necas 33, Dylan Larkin 53) at 6:07 (PP)
3. New York Rangers , Conor Garland 11 (Marcus Foligno 12, Dmitry Kulikov 8) at 7:02
Penalties :
Marcus Foligno (NYR) for Unsportsmanlike conduct (Minor) at 5:18, Dmitry Kulikov (NYR) for Interference (Minor) at 19:51
Goalie Stats
David Rittich (MTL), 22 saves from 23 shots - (0.957), W, 7-20-3, 60:00 minutes
Igor Shesterkin (NYR), 17 saves from 19 shots - (0.895), L, 40-18-8, 59:03 minutes
Players Stats for Montreal Canadiens
Player Name G A P +/- PIM S H SB GA TA FO MP PP MP PK MP
------------------------------------------------------------------------------------
Adam Fox 0 0 0 0 0 2 1 5 0 0 0/0 23:53 5:45 0:43
Alexandre Carrier 0 0 0 0 0 0 0 3 0 0 0/0 17:19 3:02 0:15
Brady Skjei 2 0 2 -1 0 3 4 0 0 0 0/0 26:53 5:45 0:58
Damon Severson 0 0 0 -1 2 1 2 2 0 3 0/0 21:20 3:02 0:00
Dylan Larkin 0 1 1 0 0 6 0 1 0 0 19/28 22:12 4:32 0:00
Evgeni Dadonov 0 0 0 0 0 1 0 2 0 0 0/0 11:16 1:00 0:07
Fyodor Svechkov 0 0 0 0 0 0 2 0 0 1 0/0 12:20 3:25 0:00
Ilya Lyubushkin 0 0 0 0 0 0 3 0 1 0 0/0 14:44 0:00 1:01
Jack Johnson 0 0 0 0 0 0 3 3 0 1 0/0 15:53 0:00 1:01
Jake Evans 0 0 0 -1 0 0 2 0 0 0 3/10 14:03 0:00 0:57
Jonatan Berggren 0 0 0 0 0 1 0 0 1 0 0/0 10:21 0:00 0:58
Juraj Slafkovsky 0 0 0 0 0 0 3 1 1 0 0/0 19:15 2:40 0:00
Luke Glendening 0 0 0 0 0 0 2 0 1 0 1/3 12:06 0:37 0:54
Martin Necas 0 2 2 -1 0 1 0 1 2 1 0/1 18:18 5:20 0:00
Patrik Laine 0 1 1 0 0 2 0 0 1 0 3/4 21:14 4:29 0:04
Rasmus Asplund 0 0 0 0 0 1 2 2 0 0 0/0 10:20 0:53 0:00
Vasili Ponomarev 0 0 0 0 0 0 0 0 1 0 0/1 9:08 0:00 0:00
Vladislav Namestnikov 0 0 0 -1 0 1 2 0 0 0 1/2 17:25 3:25 0:58
Players Stats for New York Rangers
Player Name G A P +/- PIM S H SB GA TA FO MP PP MP PK MP
------------------------------------------------------------------------------------
Adam Larsson 0 0 0 1 4 0 1 0 0 0 0/0 19:18 0:00 1:55
Artemi Panarin 0 0 0 0 0 2 1 0 0 0 0/1 15:12 0:44 0:00
Brendan Smith 0 0 0 0 0 2 1 1 1 1 0/0 22:06 0:00 5:59
Cam Fowler 0 0 0 0 0 0 1 1 0 0 0/0 19:52 0:44 1:28
Cole Caufield 0 0 0 0 0 3 1 0 2 0 0/0 12:49 1:05 0:16
Conor Garland 1 0 1 1 0 3 1 0 0 0 0/0 9:27 0:00 0:00
David Kampf 0 0 0 1 0 0 1 0 0 2 1/5 13:18 0:00 3:51
Dmitry Kulikov 0 1 1 0 4 1 1 1 0 2 0/0 15:56 0:00 0:22
Dylan Strome 0 0 0 0 0 2 1 0 0 0 5/14 16:57 1:05 1:23
Jake McCabe 0 0 0 1 0 1 3 0 0 0 0/0 22:55 1:15 4:10
Joe Pavelski 0 0 0 0 0 1 1 0 0 0 6/9 12:33 0:54 0:00
Marcus Foligno 0 1 1 1 2 0 1 1 0 0 0/1 12:46 0:00 3:09
Mathew Barzal 0 0 0 0 0 5 2 0 1 0 0/0 15:01 0:54 0:11
Matthew Benning 0 0 0 0 2 1 1 2 0 0 0/0 18:08 0:00 3:40
Mikael Granlund 0 0 0 0 0 0 1 0 0 0 5/8 15:34 0:00 4:12
Nathan MacKinnon 0 0 0 0 0 1 0 1 0 1 0/1 15:33 1:05 0:00
Nikolaj Ehlers 0 0 0 0 0 1 1 0 1 1 0/0 14:24 0:54 0:00
Teuvo Teravainen 0 0 0 0 0 0 0 0 1 1 5/10 19:18 1:15 4:32
3 Stars
1 - Brady Skjei (MTL)
2 - David Rittich (MTL)
3 - Conor Garland (NYR)
Power Play
Montreal Canadiens - 2 on 6 Attempt(s) - 33.33%
New York Rangers - 0 on 1 Attempt(s) - 0.00%
Penalty Kill
Montreal Canadiens - 1 on 1 Attempt(s) - 100.00%
- Score 0 goal in Penalty Kill
New York Rangers - 4 on 6 Attempt(s) - 66.67%
- Score 0 goal in Penalty Kill
Team Stat
Montreal Canadiens - Hits : 26 - Faceoff Wins : 27 - Blocked Shots : 20 - Penalty Minutes : 2
New York Rangers - Hits : 19 - Faceoff Wins : 22 - Blocked Shots : 7 - Penalty Minutes : 12
Official
Referees : Corey Syvret and Marc Joannette
Linesman : Andrew Smith and Justin Johnson
Game Notes
7:49 of 2nd period - New York Rangers goal is going for a video replay. After video review, No Goal. The net was displaced accidentally.
Finance
Level 1 -- Attendance: 4301 (71.68%) -- Ticket Income $438,702
Level 2 -- Attendance: 3694 (73.88%) -- Ticket Income $232,722
Level 3 -- Attendance: 2010 (67.00%) -- Ticket Income $82,410
Level 4 -- Attendance: 3350 (67.00%) -- Ticket Income $93,800
Luxury Box -- Attendance: 774 (77.40%) -- Ticket Income $150,930
Game was played at the Madison Square Garden.
Total Attendance: 14129 (70.65%)
Total Ticket Income: $998,564
Other Income: $349,497
Total Income: $1,348,061
Montreal Canadiens
5 vs 5 Forward
Center Left Wing Right Wing Time % Phy DF OF
1 Dylan Larkin Juraj Slafkovsky Patrik Laine 40 1 2 2
2 Jake Evans Vladislav Namestnikov Martin Necas 30 1 2 2
3 Luke Glendening Fyodor Svechkov Jonatan Berggren 20 1 2 2
4 Vasili Ponomarev Rasmus Asplund Evgeni Dadonov 10 1 2 2
5 vs 5 Defense
Defense Defense Time % Phy DF OF
1 Damon Severson Brady Skjei 35 1 4 0
2 Adam Fox Jack Johnson 30 1 4 0
3 Alexandre Carrier Ilya Lyubushkin 25 1 4 0
4 Adam Fox Brady Skjei 10 1 4 0
PowerPlay Forward
Center Left Wing Right Wing Time % Phy DF OF
1 Dylan Larkin Patrik Laine Martin Necas 60 0 0 5
2 Vladislav Namestnikov Fyodor Svechkov Juraj Slafkovsky 40 0 0 5
PowerPlay Defense
Defense Defense Time % Phy DF OF
1 Adam Fox Brady Skjei 60 0 0 5
2 Alexandre Carrier Damon Severson 40 0 0 5
Penalty Kill 4 Players Forward
Center Wing Time % Phy DF OF
1 Jake Evans Luke Glendening 50 0 5 0
2 Vladislav Namestnikov Jonatan Berggren 50 0 5 0
Penalty Kill 4 Players Defense
Defense Defense Time % Phy DF OF
1 Adam Fox Brady Skjei 50 0 5 0
2 Damon Severson Jack Johnson 50 0 5 0
Penalty Kill - 3 Players Forward
Forward Time % Phy DF OF
1 Jake Evans 50 0 5 0
2 Luke Glendening 50 0 5 0
Penalty Kill - 3 Players Defense
Defense Defense Time % Phy DF OF
1 Adam Fox Brady Skjei 50 0 5 0
2 Damon Severson Jack Johnson 50 0 5 0
4 vs 4 Forward
Center Wing Time % Phy DF OF
1 Dylan Larkin Patrik Laine 50 1 2 2
2 Jake Evans Juraj Slafkovsky 50 1 2 2
4 vs 4 Defense
Defense Defense Time % Phy DF OF
1 Adam Fox Brady Skjei 50 1 2 2
2 Damon Severson Jack Johnson 50 1 2 2
Last Minutes Offensive
Center Left Wing Right Wing Defense Defense
Dylan Larkin Juraj Slafkovsky Martin Necas Adam Fox Brady Skjei
Last Minutes Defensive
Center Left Wing Right Wing Defense Defense
Dylan Larkin Luke Glendening Vladislav Namestnikov Adam Fox Brady Skjei
Goaltenders
Starting : David Rittich
Backup : Calle Clang
Extra Forwards
Normal : Juraj Slafkovsky, Dylan Larkin, Patrik Laine - PP : Martin Necas, Patrik Laine - PK : Vladislav Namestnikov
Extra Defensemen
Normal : Adam Fox, Brady Skjei, Damon Severson - PP : Adam Fox - PK : Adam Fox, Brady Skjei
Penalty Shots
Patrik Laine, Vasili Ponomarev, Martin Necas, Juraj Slafkovsky, Dylan Larkin
Scratches
Aliaksei Protas (Sprained Right Ankle Injury)
New York Rangers
5 vs 5 Forward
Center Left Wing Right Wing Time % Phy DF OF
1 Dylan Strome Artemi Panarin Nathan MacKinnon 30 0 1 4
2 Teuvo Teravainen Nikolaj Ehlers Mathew Barzal 30 0 2 3
3 Joe Pavelski Cole Caufield Mikael Granlund 25 1 2 2
4 David Kampf Marcus Foligno Conor Garland 15 1 2 2
5 vs 5 Defense
Defense Defense Time % Phy DF OF
1 Adam Larsson Jake McCabe 36 1 2 2
2 Cam Fowler Brendan Smith 33 1 2 2
3 Matthew Benning Dmitry Kulikov 31 1 2 2
4 Cam Fowler Adam Larsson 0 1 2 2
PowerPlay Forward
Center Left Wing Right Wing Time % Phy DF OF
1 Dylan Strome Cole Caufield Nathan MacKinnon 50 0 1 4
2 Joe Pavelski Nikolaj Ehlers Mathew Barzal 50 0 2 3
PowerPlay Defense
Defense Defense Time % Phy DF OF
1 Cam Fowler Artemi Panarin 50 0 2 3
2 Jake McCabe Teuvo Teravainen 50 0 2 3
Penalty Kill 4 Players Forward
Center Wing Time % Phy DF OF
1 Mikael Granlund Marcus Foligno 50 1 3 1
2 David Kampf Teuvo Teravainen 50 1 3 1
Penalty Kill 4 Players Defense
Defense Defense Time % Phy DF OF
1 Matthew Benning Adam Larsson 50 1 3 1
2 Jake McCabe Brendan Smith 50 1 3 1
Penalty Kill - 3 Players Forward
Forward Time % Phy DF OF
1 David Kampf 50 1 3 1
2 Mikael Granlund 50 1 3 1
Penalty Kill - 3 Players Defense
Defense Defense Time % Phy DF OF
1 Matthew Benning Adam Larsson 50 1 3 1
2 Jake McCabe Brendan Smith 50 1 3 1
4 vs 4 Forward
Center Wing Time % Phy DF OF
1 Nathan MacKinnon Artemi Panarin 50 1 2 2
2 Dylan Strome Teuvo Teravainen 50 1 2 2
4 vs 4 Defense
Defense Defense Time % Phy DF OF
1 Cam Fowler Adam Larsson 50 1 2 2
2 Jake McCabe Brendan Smith 50 1 2 2
Last Minutes Offensive
Center Left Wing Right Wing Defense Defense
Dylan Strome Artemi Panarin Nathan MacKinnon Jake McCabe Cam Fowler
Last Minutes Defensive
Center Left Wing Right Wing Defense Defense
David Kampf Marcus Foligno Mikael Granlund Matthew Benning Adam Larsson
Goaltenders
Starting : Igor Shesterkin
Backup : Kevin Lankinen
Extra Forwards
Normal : Joe Pavelski, Teuvo Teravainen, Dylan Strome - PP : David Kampf, Teuvo Teravainen - PK : Dylan Strome
Extra Defensemen
Normal : Dmitry Kulikov, Matthew Benning, Jake McCabe - PP : Dmitry Kulikov - PK : Matthew Benning, Jake McCabe
Penalty Shots
Artemi Panarin, Cole Caufield, David Kampf, Nathan MacKinnon, Joe Pavelski
Scratches
None
% Time on Ice - Montreal Canadiens
Lines # - Real PCT - Wanted PCT - Time Play
Normal Forward
1 - 35% - 40% - 16:52
2 - 27% - 30% - 13:03
3 - 19% - 20% - 9:12
4 - 19% - 10% - 9:08
Normal Defense
1 - 35% - 35% - 17:00
2 - 30% - 30% - 14:30
3 - 28% - 25% - 13:43
4 - 6% - 10% - 3:02
PP Forward
1 - 61% - 60% - 5:22
2 - 39% - 40% - 3:25
PP Defense
1 - 65% - 60% - 5:45
2 - 35% - 40% - 3:02
PK Forward
1 - 48% - 50% - 0:57
2 - 52% - 50% - 1:02
PK Defense
1 - 49% - 50% - 0:58
2 - 51% - 50% - 1:01
PK3 Forward
1 - 0% - 50%
2 - 0% - 50%
PK3 Defense
1 - 0% - 50%
2 - 0% - 50%
44 Forward
1 - 0% - 50%
2 - 0% - 50%
44 Defense
1 - 0% - 50%
2 - 0% - 50%
Last Minute Offensive - 0:00
Last Minute Defensive - 0:59
Total
Forward - 60:00
Defense - 60:00
|
% Time on Ice - New York Rangers
Lines # - Real PCT - Wanted PCT - Time Play
Normal Forward
1 - 29% - 30% - 13:50
2 - 28% - 30% - 13:40
3 - 24% - 25% - 11:28
4 - 20% - 15% - 9:27
Normal Defense
1 - 35% - 36% - 17:02
2 - 33% - 33% - 16:00
3 - 31% - 31% - 14:59
4 - 1% - 0% - 0:24
PP Forward
1 - 55% - 50% - 1:05
2 - 45% - 50% - 0:54
PP Defense
1 - 37% - 50% - 0:44
2 - 63% - 50% - 1:15
PK Forward
1 - 48% - 50% - 4:15
2 - 52% - 50% - 4:32
PK Defense
1 - 57% - 50% - 5:00
2 - 43% - 50% - 3:47
PK3 Forward
1 - 0% - 50%
2 - 0% - 50%
PK3 Defense
1 - 0% - 50%
2 - 0% - 50%
44 Forward
1 - 0% - 50%
2 - 0% - 50%
44 Defense
1 - 0% - 50%
2 - 0% - 50%
Last Minute Offensive - 0:49
Last Minute Defensive - 0:00
Total
Forward - 60:00
Defense - 60:00
|
Play-by-Play
1st period
0:01 of 1st period - Dylan Larkin wins face-off versus Dylan Strome in neutral zone.
0:53 of 1st period - Wrist shot by Conor Garland.
0:53 of 1st period - Shot Misses the Net.
0:59 of 1st period - Matthew Benning is hit by Luke Glendening and loses puck.
1:10 of 1st period - Slapshot by Evgeni Dadonov.
1:10 of 1st period - Stopped by Igor Shesterkin with a rebound.
1:12 of 1st period - Snap shot by Evgeni Dadonov.
1:12 of 1st period - Shot Misses the Net.
1:16 of 1st period - Slapshot by Adam Fox.
1:16 of 1st period - Shot Misses the Net.
1:18 of 1st period - Wrist shot by Rasmus Asplund.
1:18 of 1st period - Stopped by Igor Shesterkin without a rebound.
1:19 of 1st period - Dylan Larkin wins face-off versus Artemi Panarin in New York Rangers zone.
2:09 of 1st period - Snap shot by Joe Pavelski.
2:09 of 1st period - Shot Blocked by Adam Fox.
2:11 of 1st period - Slapshot by Brendan Smith.
2:11 of 1st period - Shot Blocked by Jack Johnson.
2:17 of 1st period - Slapshot by Mikael Granlund.
2:17 of 1st period - Shot Blocked by Jack Johnson.
2:19 of 1st period - Slapshot by Brendan Smith.
2:19 of 1st period - Shot Blocked by Adam Fox.
2:21 of 1st period - Backhand shot by Brendan Smith.
2:21 of 1st period - Stopped by David Rittich with a rebound.
2:35 of 1st period - Wrist shot by Conor Garland.
2:35 of 1st period - Shot Misses the Net.
2:45 of 1st period - Jake McCabe is hit by Rasmus Asplund.
3:03 of 1st period - Slapshot by Adam Fox.
3:03 of 1st period - Deflect By Evgeni Dadonov.
3:03 of 1st period - Shot Misses the Net.
3:03 of 1st period - Puck is out of play.
3:04 of 1st period - Dylan Strome wins face-off versus Dylan Larkin in New York Rangers zone.
3:31 of 1st period - Wrist shot by Nathan MacKinnon.
3:31 of 1st period - Shot Blocked by Alexandre Carrier.
3:33 of 1st period - Slapshot by Dmitry Kulikov.
3:33 of 1st period - Stopped by David Rittich with a rebound.
3:35 of 1st period - Slapshot by Matthew Benning.
3:35 of 1st period - Shot Blocked by Dylan Larkin.
3:49 of 1st period - Snap shot by Artemi Panarin.
3:49 of 1st period - Stopped by David Rittich with a rebound.
3:51 of 1st period - Slapshot by Matthew Benning.
3:51 of 1st period - Shot Misses the Net.
3:53 of 1st period - Slapshot by Dmitry Kulikov.
3:53 of 1st period - Shot Misses the Net.
3:55 of 1st period - Snap shot by Artemi Panarin.
3:55 of 1st period - Shot Misses the Net.
3:57 of 1st period - Snap shot by Nathan MacKinnon.
3:57 of 1st period - Shot Blocked by Alexandre Carrier.
3:59 of 1st period - Slapshot by Dylan Strome.
3:59 of 1st period - Stopped by David Rittich without a rebound.
4:00 of 1st period - Teuvo Teravainen wins face-off versus Jake Evans in Montreal Canadiens zone.
4:15 of 1st period - Slapshot by Vladislav Namestnikov.
4:15 of 1st period - Stopped by Igor Shesterkin without a rebound.
4:16 of 1st period - Joe Pavelski wins face-off versus Luke Glendening in New York Rangers zone.
4:48 of 1st period - Vladislav Namestnikov is hit by Jake McCabe.
5:07 of 1st period - Snap shot by Conor Garland.
5:07 of 1st period - Shot Misses the Net.
5:09 of 1st period - Slapshot by Jake McCabe.
5:09 of 1st period - Deflect By Conor Garland.
5:09 of 1st period - Shot Misses the Net.
5:09 of 1st period - Puck is out of play.
5:10 of 1st period - Patrik Laine wins face-off versus Joe Pavelski in Montreal Canadiens zone.
5:10 of 1st period - Patrik Laine is hit by Brendan Smith.
5:24 of 1st period - Snap shot by Dylan Larkin.
5:24 of 1st period - Shot Misses the Net.
5:26 of 1st period - Snap shot by Juraj Slafkovsky.
5:26 of 1st period - Shot Misses the Net.
6:13 of 1st period - Snap shot by Nikolaj Ehlers.
6:13 of 1st period - Shot Blocked by Adam Fox.
6:15 of 1st period - Snap shot by Mathew Barzal.
6:15 of 1st period - Stopped by David Rittich with a rebound.
6:17 of 1st period - Slapshot by Matthew Benning.
6:17 of 1st period - Stopped by David Rittich without a rebound.
6:18 of 1st period - Joe Pavelski wins face-off versus Dylan Larkin in Montreal Canadiens zone.
6:35 of 1st period - Wrist shot by Joe Pavelski.
6:35 of 1st period - Stopped by David Rittich with a rebound.
6:45 of 1st period - Damon Severson is hit by Jake McCabe and loses puck.
6:56 of 1st period - Slapshot by Patrik Laine.
6:56 of 1st period - Stopped by Igor Shesterkin with a rebound.
7:59 of 1st period - Snap shot by David Kampf.
7:59 of 1st period - Shot Blocked by Damon Severson.
8:07 of 1st period - Marcus Foligno is hit by Juraj Slafkovsky.
8:10 of 1st period - Off-side.
8:11 of 1st period - Jake Evans wins face-off versus Dylan Strome in neutral zone.
8:20 of 1st period - Wrist shot by Vladislav Namestnikov.
8:20 of 1st period - Shot Blocked by Dmitry Kulikov.
8:22 of 1st period - Minor Penalty to Matthew Benning for Tripping.
8:23 of 1st period - Mikael Granlund wins face-off versus Vladislav Namestnikov in New York Rangers zone.
8:23 of 1st period - Mikael Granlund is hit by Fyodor Svechkov.
8:33 of 1st period - Dylan Strome is hit by Vladislav Namestnikov and loses puck.
9:04 of 1st period - Evgeni Dadonov is hit by Marcus Foligno.
10:22 of 1st period - Penalty to Matthew Benning is over, Matthew Benning is back on ice.
10:23 of 1st period - Matthew Benning is hit by Brady Skjei and loses puck.
11:11 of 1st period - Vladislav Namestnikov is hit by Dylan Strome and loses puck.
11:20 of 1st period - Vladislav Namestnikov is hit by Jake McCabe and loses puck.
12:02 of 1st period - Snap shot by Juraj Slafkovsky.
12:02 of 1st period - Shot Blocked by Matthew Benning.
12:20 of 1st period - Matthew Benning is hit by Fyodor Svechkov and loses puck.
12:40 of 1st period - Icing by Matthew Benning.
12:41 of 1st period - Teuvo Teravainen wins face-off versus Jake Evans in New York Rangers zone.
12:46 of 1st period - Snap shot by Mathew Barzal.
12:46 of 1st period - Stopped by David Rittich with a rebound.
14:36 of 1st period - Snap shot by Nikolaj Ehlers.
14:36 of 1st period - Stopped by David Rittich without a rebound.
14:37 of 1st period - Dylan Larkin wins face-off versus Dylan Strome in Montreal Canadiens zone.
15:04 of 1st period - Fyodor Svechkov is hit by Adam Larsson and loses puck.
16:14 of 1st period - Matthew Benning is hit by Jack Johnson.
16:28 of 1st period - Martin Necas is hit by Dmitry Kulikov and loses puck.
16:40 of 1st period - Minor Penalty to Dmitry Kulikov for Hooking.
16:41 of 1st period - Dylan Larkin wins face-off versus David Kampf in New York Rangers zone.
18:40 of 1st period - Penalty to Dmitry Kulikov is over, Dmitry Kulikov is back on ice.
18:48 of 1st period - Wrist shot by Artemi Panarin.
18:48 of 1st period - Shot Blocked by Rasmus Asplund.
18:50 of 1st period - Slapshot by Adam Larsson.
18:50 of 1st period - Shot Misses the Net.
19:20 of 1st period - Snap shot by Dylan Strome.
19:20 of 1st period - Stopped by David Rittich without a rebound.
19:21 of 1st period - Joe Pavelski wins face-off versus Luke Glendening in Montreal Canadiens zone.
Goals for this period are 0 for Montreal Canadiens vs 0 for New York Rangers.
Shots for this period are 4 for Montreal Canadiens vs 10 for New York Rangers.
2nd period
0:01 of 2nd period - Dylan Larkin wins face-off versus Teuvo Teravainen in neutral zone.
0:04 of 2nd period - Slapshot by Patrik Laine.
0:04 of 2nd period - Shot Misses the Net.
0:33 of 2nd period - Cam Fowler is hit by Ilya Lyubushkin and loses puck.
0:50 of 2nd period - Snap shot by Dylan Larkin.
0:50 of 2nd period - Stopped by Igor Shesterkin without a rebound.
0:51 of 2nd period - Joe Pavelski wins face-off versus Jake Evans in New York Rangers zone.
0:53 of 2nd period - Minor Penalty to Adam Larsson for Holding Stick.
0:54 of 2nd period - Mikael Granlund wins face-off versus Dylan Larkin in New York Rangers zone.
0:59 of 2nd period - Icing by Adam Fox.
1:00 of 2nd period - Dylan Larkin wins face-off versus David Kampf in Montreal Canadiens zone.
2:02 of 2nd period - David Kampf is hit by Juraj Slafkovsky and loses puck.
2:53 of 2nd period - Penalty to Adam Larsson is over, Adam Larsson is back on ice.
4:00 of 2nd period - Martin Necas is hit by Joe Pavelski and loses puck.
4:55 of 2nd period - Jonatan Berggren is hit by Mikael Granlund and loses puck.
5:24 of 2nd period - Icing by Ilya Lyubushkin.
5:25 of 2nd period - Dylan Larkin wins face-off versus Dylan Strome in Montreal Canadiens zone.
5:34 of 2nd period - Wrist shot by Dylan Larkin.
5:34 of 2nd period - Stopped by Igor Shesterkin with a rebound.
5:36 of 2nd period - Snap shot by Patrik Laine.
5:36 of 2nd period - Stopped by Igor Shesterkin with a rebound.
5:38 of 2nd period - Slapshot by Damon Severson.
5:38 of 2nd period - Deflect By Dylan Strome.
5:38 of 2nd period - Stopped by Igor Shesterkin with a rebound.
5:40 of 2nd period - Wrist shot by Brady Skjei.
5:40 of 2nd period - Shot Blocked by Nathan MacKinnon.
6:01 of 2nd period - Mikael Granlund is hit by Ilya Lyubushkin.
6:23 of 2nd period - Ilya Lyubushkin is hit by Mathew Barzal and loses puck.
6:46 of 2nd period - Wrist shot by Vasili Ponomarev.
6:46 of 2nd period - Shot Misses the Net.
7:03 of 2nd period - Icing by Jake McCabe.
7:04 of 2nd period - Dylan Larkin wins face-off versus Dylan Strome in New York Rangers zone.
7:43 of 2nd period - Snap shot by Nathan MacKinnon.
7:43 of 2nd period - Stopped by David Rittich without a rebound.
7:44 of 2nd period - Teuvo Teravainen wins face-off versus Dylan Larkin in Montreal Canadiens zone.
7:47 of 2nd period - Wrist shot by Mathew Barzal.
7:47 of 2nd period - Shot Misses the Net.
7:49 of 2nd period - Wrist shot by Mathew Barzal.
7:49 of 2nd period - New York Rangers goal is going for a video replay.
7:49 of 2nd period - The goal is refused. The net was displaced accidentally..
7:50 of 2nd period - Dylan Larkin wins face-off versus Teuvo Teravainen in Montreal Canadiens zone.
7:57 of 2nd period - Snap shot by Nikolaj Ehlers.
7:57 of 2nd period - Shot Misses the Net.
7:59 of 2nd period - Slapshot by Brendan Smith.
7:59 of 2nd period - Shot Misses the Net.
8:01 of 2nd period - Snap shot by Cam Fowler.
8:01 of 2nd period - Shot Blocked by Adam Fox.
8:03 of 2nd period - Snap shot by Mathew Barzal.
8:03 of 2nd period - Shot Blocked by Juraj Slafkovsky.
8:05 of 2nd period - Slapshot by Brendan Smith.
8:05 of 2nd period - Stopped by David Rittich without a rebound.
8:06 of 2nd period - Joe Pavelski wins face-off versus Jake Evans in Montreal Canadiens zone.
8:09 of 2nd period - Snap shot by Cole Caufield.
8:09 of 2nd period - Stopped by David Rittich without a rebound.
8:10 of 2nd period - Jake Evans wins face-off versus Joe Pavelski in Montreal Canadiens zone.
8:35 of 2nd period - Backhand shot by Teuvo Teravainen.
8:35 of 2nd period - Deflect By Nikolaj Ehlers.
8:35 of 2nd period - Shot Misses the Net.
8:35 of 2nd period - Puck is out of play.
8:36 of 2nd period - Dylan Larkin wins face-off versus Teuvo Teravainen in Montreal Canadiens zone.
8:36 of 2nd period - Dylan Larkin is hit by Mathew Barzal.
8:53 of 2nd period - Minor Penalty to Adam Larsson for Cross-checking.
8:54 of 2nd period - Patrik Laine wins face-off versus Mikael Granlund in New York Rangers zone.
9:10 of 2nd period - Snap shot by Dylan Larkin.
9:10 of 2nd period - Stopped by Igor Shesterkin without a rebound.
9:11 of 2nd period - Dylan Larkin wins face-off versus David Kampf in New York Rangers zone.
9:16 of 2nd period - Wrist shot by Martin Necas.
9:16 of 2nd period - Shot Misses the Net.
9:36 of 2nd period - Jake McCabe is hit by Brady Skjei.
9:42 of 2nd period - Snap shot by Vladislav Namestnikov.
9:42 of 2nd period - Shot Misses the Net.
10:10 of 2nd period - Icing by Martin Necas.
10:11 of 2nd period - Mikael Granlund wins face-off versus Dylan Larkin in Montreal Canadiens zone.
10:42 of 2nd period - Backhand shot by Martin Necas.
10:42 of 2nd period - Shot Misses the Net.
10:44 of 2nd period - Snap shot by Patrik Laine.
10:44 of 2nd period - Shot Blocked by Matthew Benning.
10:46 of 2nd period - Snap shot by Brady Skjei.
10:46 of 2nd period - Goal by Brady Skjei - Montreal Canadiens : 1 - New York Rangers : 0.
10:47 of 2nd period - Luke Glendening wins face-off versus Joe Pavelski in neutral zone.
11:04 of 2nd period - Snap shot by Joe Pavelski.
11:04 of 2nd period - Shot Misses the Net.
11:16 of 2nd period - Slapshot by Teuvo Teravainen.
11:16 of 2nd period - Shot Misses the Net.
11:18 of 2nd period - Slapshot by Adam Larsson.
11:18 of 2nd period - Shot Blocked by Evgeni Dadonov.
11:20 of 2nd period - Slapshot by Jake McCabe.
11:20 of 2nd period - Deflect By Teuvo Teravainen.
11:20 of 2nd period - Shot Blocked by Evgeni Dadonov.
11:20 of 2nd period - Puck is out of play.
11:21 of 2nd period - Teuvo Teravainen wins face-off versus Jake Evans in Montreal Canadiens zone.
11:22 of 2nd period - Wrist shot by Mathew Barzal.
11:22 of 2nd period - Stopped by David Rittich with a rebound.
12:12 of 2nd period - Slapshot by Adam Fox.
12:12 of 2nd period - Stopped by Igor Shesterkin with a rebound.
13:10 of 2nd period - Minor Penalty to Damon Severson for Roughing.
13:11 of 2nd period - Dylan Strome wins face-off versus Jake Evans in Montreal Canadiens zone.
14:27 of 2nd period - Cam Fowler is hit by Jack Johnson and loses puck.
15:10 of 2nd period - Penalty to Damon Severson is over, Damon Severson is back on ice.
15:18 of 2nd period - Wrist shot by Marcus Foligno.
15:18 of 2nd period - Shot Blocked by Alexandre Carrier.
15:32 of 2nd period - Matthew Benning is hit by Juraj Slafkovsky and loses puck.
16:00 of 2nd period - Marcus Foligno is hit by Damon Severson and loses puck.
17:07 of 2nd period - Jonatan Berggren is hit by David Kampf and loses puck.
17:30 of 2nd period - Dmitry Kulikov is hit by Vladislav Namestnikov and loses puck.
17:59 of 2nd period - Joe Pavelski is hit by Rasmus Asplund and loses puck.
18:32 of 2nd period - Slapshot by Conor Garland.
18:32 of 2nd period - Stopped by David Rittich with a rebound.
18:50 of 2nd period - Wrist shot by Dylan Larkin.
18:50 of 2nd period - Stopped by Igor Shesterkin without a rebound.
18:51 of 2nd period - Teuvo Teravainen wins face-off versus Dylan Larkin in New York Rangers zone.
19:04 of 2nd period - Snap shot by Mathew Barzal.
19:04 of 2nd period - Stopped by David Rittich without a rebound.
19:05 of 2nd period - Jake Evans wins face-off versus Dylan Strome in Montreal Canadiens zone.
Goals for this period are 1 for Montreal Canadiens vs 0 for New York Rangers.
Shots for this period are 8 for Montreal Canadiens vs 7 for New York Rangers.
3rd period
0:01 of 3rd period - Dylan Larkin wins face-off versus Teuvo Teravainen in neutral zone.
0:31 of 3rd period - Snap shot by Nathan MacKinnon.
0:31 of 3rd period - Shot Blocked by Martin Necas.
0:33 of 3rd period - Slapshot by Jake McCabe.
0:33 of 3rd period - Stopped by David Rittich without a rebound.
0:34 of 3rd period - Joe Pavelski wins face-off versus Jake Evans in Montreal Canadiens zone.
0:35 of 3rd period - Snap shot by Cole Caufield.
0:35 of 3rd period - Stopped by David Rittich with a rebound.
0:37 of 3rd period - Snap shot by Cole Caufield.
0:37 of 3rd period - Shot Misses the Net.
1:03 of 3rd period - Snap shot by Dylan Larkin.
1:03 of 3rd period - Deflect By Patrik Laine.
1:03 of 3rd period - Shot Misses the Net.
1:03 of 3rd period - Puck is out of play.
1:04 of 3rd period - Dylan Larkin wins face-off versus Teuvo Teravainen in New York Rangers zone.
1:17 of 3rd period - Jake McCabe is hit by Brady Skjei.
1:23 of 3rd period - Snap shot by Teuvo Teravainen.
1:23 of 3rd period - Shot Blocked by Damon Severson.
2:42 of 3rd period - Snap shot by Martin Necas.
2:42 of 3rd period - Shot Misses the Net.
3:03 of 3rd period - Cam Fowler is hit by Ilya Lyubushkin and loses puck.
3:32 of 3rd period - Ilya Lyubushkin is hit by Cole Caufield and loses puck.
5:10 of 3rd period - Snap shot by Patrik Laine.
5:10 of 3rd period - Shot Blocked by Marcus Foligno.
5:12 of 3rd period - Slapshot by Juraj Slafkovsky.
5:12 of 3rd period - Shot Misses the Net.
5:18 of 3rd period - Minor Penalty to Marcus Foligno for Unsportsmanlike conduct.
5:19 of 3rd period - Dylan Larkin wins face-off versus Mikael Granlund in New York Rangers zone.
5:24 of 3rd period - Snap shot by Martin Necas.
5:24 of 3rd period - Shot Misses the Net.
5:32 of 3rd period - Snap shot by Martin Necas.
5:32 of 3rd period - Shot Misses the Net.
5:34 of 3rd period - Wrist shot by Dylan Larkin.
5:34 of 3rd period - Stopped by Igor Shesterkin without a rebound.
5:35 of 3rd period - Dylan Larkin wins face-off versus Mikael Granlund in New York Rangers zone.
5:36 of 3rd period - Snap shot by Martin Necas.
5:36 of 3rd period - Shot Blocked by Brendan Smith.
5:38 of 3rd period - Slapshot by Brady Skjei.
5:38 of 3rd period - Stopped by Igor Shesterkin without a rebound.
5:39 of 3rd period - Mikael Granlund wins face-off versus Martin Necas in New York Rangers zone.
5:45 of 3rd period - Icing by Patrik Laine.
5:46 of 3rd period - Dylan Larkin wins face-off versus David Kampf in Montreal Canadiens zone.
6:01 of 3rd period - Snap shot by Dylan Larkin.
6:01 of 3rd period - Stopped by Igor Shesterkin without a rebound.
6:02 of 3rd period - Dylan Larkin wins face-off versus Dylan Strome in New York Rangers zone.
6:05 of 3rd period - Slapshot by Martin Necas.
6:05 of 3rd period - Stopped by Igor Shesterkin with a rebound.
6:07 of 3rd period - Slapshot by Brady Skjei.
6:07 of 3rd period - Deflect By Brendan Smith.
6:07 of 3rd period - Goal by Brady Skjei - Montreal Canadiens : 2 - New York Rangers : 0.
6:08 of 3rd period - Patrik Laine wins face-off versus Dylan Strome in neutral zone.
6:35 of 3rd period - Nikolaj Ehlers is hit by Damon Severson and loses puck.
7:02 of 3rd period - Slapshot by Marcus Foligno.
7:02 of 3rd period - Deflect By Conor Garland.
7:02 of 3rd period - Goal by Conor Garland - Montreal Canadiens : 2 - New York Rangers : 1.
7:03 of 3rd period - Dylan Strome wins face-off versus Patrik Laine in neutral zone.
7:10 of 3rd period - Wrist shot by Nathan MacKinnon.
7:10 of 3rd period - Shot Blocked by Adam Fox.
8:17 of 3rd period - Slapshot by David Kampf.
8:17 of 3rd period - Shot Misses the Net.
8:29 of 3rd period - Snap shot by Marcus Foligno.
8:29 of 3rd period - Shot Misses the Net.
11:08 of 3rd period - Marcus Foligno is hit by Jake Evans and loses puck.
11:23 of 3rd period - Matthew Benning is hit by Brady Skjei and loses puck.
11:34 of 3rd period - Snap shot by Joe Pavelski.
11:34 of 3rd period - Shot Misses the Net.
11:36 of 3rd period - Slapshot by Dmitry Kulikov.
11:36 of 3rd period - Deflect By Mikael Granlund.
11:36 of 3rd period - Shot Blocked by Jack Johnson.
11:36 of 3rd period - Puck is out of play.
11:37 of 3rd period - Mikael Granlund wins face-off versus Vasili Ponomarev in Montreal Canadiens zone.
11:48 of 3rd period - Snap shot by Adam Fox.
11:48 of 3rd period - Stopped by Igor Shesterkin without a rebound.
11:49 of 3rd period - Dylan Strome wins face-off versus Dylan Larkin in New York Rangers zone.
12:01 of 3rd period - Dylan Larkin is hit by Cam Fowler and loses puck.
12:16 of 3rd period - Mathew Barzal is hit by Jack Johnson and loses puck.
12:39 of 3rd period - Matthew Benning is hit by Luke Glendening and loses puck.
12:46 of 3rd period - Mikael Granlund is hit by Adam Fox and loses puck.
13:05 of 3rd period - Wrist shot by Marcus Foligno.
13:05 of 3rd period - Deflect By Conor Garland.
13:05 of 3rd period - Shot Blocked by Rasmus Asplund.
13:05 of 3rd period - Puck is out of play.
13:06 of 3rd period - David Kampf wins face-off versus Dylan Larkin in Montreal Canadiens zone.
13:09 of 3rd period - Wrist shot by Conor Garland.
13:09 of 3rd period - Stopped by David Rittich without a rebound.
13:10 of 3rd period - Dylan Strome wins face-off versus Dylan Larkin in Montreal Canadiens zone.
13:11 of 3rd period - Wrist shot by Nathan MacKinnon.
13:11 of 3rd period - Deflect By Artemi Panarin.
13:11 of 3rd period - Stopped by David Rittich without a rebound.
13:12 of 3rd period - Dylan Larkin wins face-off versus Dylan Strome in Montreal Canadiens zone.
13:31 of 3rd period - Juraj Slafkovsky is hit by Artemi Panarin and loses puck.
14:24 of 3rd period - Slapshot by Vasili Ponomarev.
14:24 of 3rd period - Shot Blocked by Cam Fowler.
14:33 of 3rd period - Off-side.
14:34 of 3rd period - Dylan Larkin wins face-off versus Nathan MacKinnon in neutral zone.
14:49 of 3rd period - Wrist shot by Juraj Slafkovsky.
14:49 of 3rd period - Shot Misses the Net.
15:01 of 3rd period - Martin Necas is hit by Matthew Benning and loses puck.
15:38 of 3rd period - Snap shot by Cole Caufield.
15:38 of 3rd period - Stopped by David Rittich with a rebound.
15:44 of 3rd period - Juraj Slafkovsky is hit by Conor Garland and loses puck.
16:24 of 3rd period - Evgeni Dadonov is hit by Nikolaj Ehlers and loses puck.
17:39 of 3rd period - Jake McCabe is hit by Jake Evans and loses puck.
18:26 of 3rd period - Wrist shot by Jonatan Berggren.
18:26 of 3rd period - Stopped by Igor Shesterkin with a rebound.
18:28 of 3rd period - Wrist shot by Jonatan Berggren.
18:28 of 3rd period - Shot Misses the Net.
18:55 of 3rd period - New York Rangers, Igor Shesterkin is pulled from the net.
19:51 of 3rd period - Minor Penalty to Dmitry Kulikov for Interference.
19:52 of 3rd period - Igor Shesterkin from New York Rangers was sent back in the game.
19:52 of 3rd period - Vladislav Namestnikov wins face-off versus Marcus Foligno in New York Rangers zone.
Goals for this period are 1 for Montreal Canadiens vs 1 for New York Rangers.
Shots for this period are 7 for Montreal Canadiens vs 6 for New York Rangers.
Back to the Top